 Dungeon Crawl Stone Soup version 0.19.1-1-g22dce08 (webtiles) character file.

139 theAP the Stinger (level 5, 0/38 HPs)
             Began as a Demonspawn Venom Mage on Jan 6, 2017.
             Slain by a killer bee zombie (3 damage)
             ... on level 3 of the Dungeon.
             The game lasted 00:16:37 (2974 turns).

theAP the Stinger (Demonspawn Venom Mage)           Turns: 2974, Time: 00:16:38

Health: 0/38       AC:  5    Str:  8    XL:     5   Next: 1%
Magic:  2/9        EV: 11    Int: 18    God:
Gold:   127        SH:  0    Dex: 13    Spells: 2 memorised, 5 levels left

rFire  . . .     SeeInvis .     e - +2 whip
rCold  . . .     Gourm    .     p - +0 leather armour (curse)
rNeg   . . .     Faith    .     (no shield)
rPois  .         Spirit   .     (no helmet)
rElec  .         Reflect  .     (no cloak)
rCorr  .         Harm     .     (no gloves)
MR     .....                    (no boots)
Stlth  ++........               (no amulet)
                                (no ring)
                                (no ring)

@: very slightly contaminated, hasted, very quick
A: talons 1, iridescent scales 1
a: no special abilities


You were on level 3 of the Dungeon.
You were not hungry.

You visited 1 branch of the dungeon, and saw 3 of its levels.

You collected 127 gold pieces.

Inventory:

Hand Weapons
 e - a +2 whip (weapon)
Armour
 a - a +0 robe
 p - a cursed +0 leather armour (worn)
Wands
 n - a wand of lightning (10/15)
Scrolls
 d - 4 scrolls of remove curse
 k - a scroll of recharging {unknown}
Potions
 f - a potion of haste
 g - 2 potions of degeneration {unknown}
 h - a potion of ambrosia {unknown}
 j - 2 potions of mutation {unknown}
 l - a potion of resistance {unknown}
Books
 b - a Young Poisoner's Handbook

   Spells                             Type                      Level
   a - Sting                          Conjuration/Poison           1
   b - Mephitic Cloud                 Conjuration/Poison/Air       3
   c - Olgreb's Toxic Radiance        Poison                       4
   d - Alistair's Intoxication        Transmutation/Poison         5
   e - Venom Bolt                     Conjuration/Poison           5
Comestibles
 c - 2 bread rations
 i - 3 fruits
 m - a beef jerky
 o - a meat ration


   Skills:
 + Level 1.9 Fighting
 + Level 1.2 Maces & Flails
 - Level 1.7 Dodging
 - Level 1.7 Stealth
 + Level 2.7 Spellcasting
 * Level 5.2 Poison Magic


You had 5 spell levels left.
You knew the following spells:

 Your Spells              Type           Power        Failure   Level  Hunger
a - Sting                 Conj/Pois      ##..         12%         1    #......
b - Mephitic Cloud        Conj/Pois/Air  #.......     41%         3    ###....


Dungeon Overview and Level Annotations

Branches:
Dungeon (3/15)

Altars:
Okawaru


Innate Abilities, Weirdness & Mutations

You have sharp toenails.
You are partially covered in iridescent scales. (AC +2)


Message History

The killer bee zombie hits you.
The killer bee zombie hits you but does no damage.
Found a slice of pizza.
The killer bee zombie hits you.
* * * LOW HITPOINT WARNING * * *
The killer bee zombie closely misses you.
The killer bee zombie hits you.
* * * LOW HITPOINT WARNING * * *
You hit the killer bee zombie but do no damage.
The killer bee zombie is lightly damaged.
The killer bee zombie closely misses you.
You hit the killer bee zombie.
The killer bee zombie is lightly damaged.
The killer bee zombie barely misses you.
The killer bee zombie hits you!
* * * LOW HITPOINT WARNING * * *
Okay, then.
Okay, then.
You feel yourself speed up. The killer bee zombie hits you.
You die...

########## #........# #####
#...8....# #.... #..8.8...# #....
...##########.8._.8..########....
.......††......8.8...............
...#########(...8...###)†........
.%.......Z@...# #.####.....
#############.# #.# #.#.## #..
#.# #.#.## ##. #.# #.#.## . #.#
#.#.## #.#.# #....+ #...## #...##
....##


You could see a killer bee zombie.

Vanquished Creatures
  A howler monkey (D:1)
  2 adders (D:2)
  4 worms (D:2)
  2 dart slugs (D:1)
  A leopard gecko (D:1)
  4 orcs
  3 giant cockroaches
  8 goblins
  10 hobgoblins
  A jackal (D:1)
  9 kobolds
  A quokka (D:2)
  8 bats
  2 frilled lizards
  9 rats
65 creatures vanquished.

Notes
Turn   | Place    | Note
-------+----------+-------------------------------------------
     0 | D:1      | theAP the Demonspawn Venom Mage began the quest for the Orb.
     0 | D:1      | Reached XP level 1. HP: 13/13 MP: 3/3
   132 | D:1      | Found an iron altar of Okawaru.
   277 | D:1      | Gained mutation: You are partially covered in iridescent scales. (AC +2) [demonic ancestry]
   277 | D:1      | Reached XP level 2. HP: 13/19 MP: 1/5
   807 | D:1      | Noticed a howler monkey
   813 | D:1      | Killed a howler monkey
   813 | D:1      | Reached skill level 1 in Fighting
   813 | D:1      | Reached skill level 1 in Maces & Flails
   813 | D:1      | Gained mutation: You have sharp toenails. [demonic ancestry]
   813 | D:1      | Reached XP level 3. HP: 26/26 MP: 0/6
  1160 | D:2      | Reached XP level 4. HP: 15/32 MP: 0/7
  2096 | D:2      | Reached skill level 5 in Poison Magic
  2116 | D:2      | Learned a level 3 spell: Mephitic Cloud
  2850 | D:3      | Reached XP level 5. HP: 38/38 MP: 2/9
  2920 | D:3      | Found a faded altar of an unknown god.
  2974 | D:3      | Slain by a killer bee zombie

Skill      XL: |  1  2  3  4 |
---------------+-------------+-----
Fighting       | 1 |  1.9
Maces & Flails | 1 |  1.2
Poison Magic   | 5 |  5.2
Dodging        | |  1.7
Stealth        | |  1.7
Spellcasting   | |  2.7

Action                   |  1- 3 |  4- 6 || total
-------------------------+-------+-------++-------
Melee: Whip              |    30 |    50 ||    80
       Kick              |     1 |    13 ||    14
 Cast: Sting             |    52 |    78 ||   130
  Use: Scroll            |     6 |       ||     6
       Potion            |       |     1 ||     1
  Eat: Chunk             |     1 |     6 ||     7
Armor: Robe              |    18 |     7 ||    25
       Leather armour    |       |     3 ||     3
Dodge: Dodged            |    34 |    56 ||    90
